 Dungeon Crawl Stone Soup version 0.28-a0-239-g68911e0c57 (webtiles) character file.

Game seed: 1546489195377004483

421 frimble the Fighter (level 6, -3/57 HPs)
             Began as a Gnoll Wanderer on Aug 24, 2021.
             Succumbed to a hornet's poison
             ... on level 4 of the Dungeon.
             The game lasted 00:06:07 (3616 turns).

frimble the Fighter (Gnoll Wanderer)                Turns: 3616, Time: 00:06:08

Health: -3/57      AC:  5    Str: 13    XL:     6   Next: 94%
Magic:  9/9        EV:  9    Int: 12    God:
Gold:   1345       SH:  9    Dex: 11    Spells: 9/9 levels left

rFire   . . .      SeeInvis .   k - +0 short sword (speed)
rCold   . . .      Faith    .   d - +1 kite shield
rNeg    . . .      Spirit   .   j - +0 ring mail
rPois   .          Reflect  .   (no helmet)
rElec   .          Harm     .   (no cloak)
rCorr   .          Rampage  .   (no gloves)
Will    .....                   (no boots)
Stlth   +.........              (no amulet)
HPRegen 0.19/turn               (no ring)
MPRegen 0.11/turn               (no ring)

@: lethally poisoned (-3 -> -24)
A: fangs 1, strong nose, distributed training
a: no special abilities


You were on level 4 of the Dungeon.
You visited 1 branch of the dungeon, and saw 6 of its levels.

You collected 1345 gold pieces.

Inventory:

Hand Weapons
 k - a +0 short sword of speed (weapon)
Missiles
 a - 8 silver boomerangs
 c - 5 boomerangs (quivered)
Armour
 d - a +1 kite shield (worn)
 j - a +0 ring mail (worn)


   Skills:
 + Level 8.8 Fighting
 + Level 2.1 Short Blades
 + Level 2.1 Long Blades
 + Level 2.1 Axes
 + Level 2.1 Maces & Flails
 + Level 2.1 Polearms
 + Level 2.1 Staves
 + Level 2.1 Slings
 + Level 2.1 Bows
 + Level 2.1 Crossbows
 + Level 2.1 Throwing
 + Level 2.1 Armour
 + Level 5.1 Dodging
 + Level 2.1 Stealth
 + Level 3.4 Shields
 + Level 5.1 Unarmed Combat
 + Level 2.1 Spellcasting
 + Level 1.7 Conjurations
 + Level 1.7 Hexes
 + Level 1.7 Summonings
 + Level 1.7 Necromancy
 + Level 1.7 Translocations
 + Level 1.7 Transmutations
 + Level 1.7 Fire Magic
 + Level 1.7 Ice Magic
 + Level 1.7 Air Magic
 + Level 1.7 Earth Magic
 + Level 1.7 Poison Magic
 + Level 2.4 Invocations
 + Level 3.4 Evocations


You had 9 spell levels left.
You didn't know any spells.
Your spell library was empty.

Dungeon Overview and Level Annotations

Branches:
Dungeon (6/15)
 Temple: D:4-7

Altars:

Annotations:
D:5 1 transporter, Sigmund


Innate Abilities, Weirdness & Mutations

You have very sharp teeth.
Your uncanny sense of smell can sniff out nearby items.
Your experience applies equally to all skills.


Message History

Your +0 kite shield glows green for a moment.
The hornet closely misses you. The hornet barely misses you.
You aren't carrying any potions.
Unknown command.
You aren't carrying any scrolls.
Unknown command.
Unknown command.
You don't know any spells.
You feel yourself speed up. You block the hornet's attack.
The hornet stings you!
You are poisoned.
You suddenly lose the ability to move!
You feel sick. The hornet stings you!
You shrug off the repeated paralysis!
You feel sick. The hornet stings you!
* * * LOW HITPOINT WARNING * * *
You are lethally poisoned!
You feel yourself slow down. The kobold hits you with a +0 club.
* * * LOW HITPOINT WARNING * * *
The hornet stings you.
* * * LOW HITPOINT WARNING * * *
You are more poisoned.
You feel as though you will be slow longer.
You can move again.
Unknown command.
Unknown command.
Unknown command.
Unknown command.
Unknown command.
Unknown command.
Unknown command.
Unknown command.
* * * LOW HITPOINT WARNING * * *
You feel extremely sick. The kobold barely misses you.
The hornet stings you but does no damage.
You block the kobold's attack.
There is an escape hatch in the ceiling here.
You feel yourself speed up.
You die...

*,,,,,*#### **,** *****,***,,,..#
**,,,* ,,,,,,*
*,###.#############*,,,,,
,,,.,,***,,...##..........,,,,,,,
***...,>,,*##......#..,...,,,,,,,
*,#...####.......#.#*#.#***,,,,
*,#..............#.# #.# *....
*,#.#..(#.##.K.....###.####....
***,*,###...##.y@(.#........#....
,,*,*,* #.#.###...#..###.#..#...,
*,*,*,* #.#......#.#.# #.#..#..#*
*,*,*,**#.#.#.##.#.#.# #.#..#..#
*,,,,,,,|...#.*#.#.#.###.#..#..#
*,*,*,,,$....∆*#.#.#..[...))...#
,,,,******,<#**#.#.#######..####
*,*,** *..,,,..#.# #..# ,,,,,***
**,***#...* #(.#


You could see a hornet and a kobold.

Vanquished Creatures
  A necrophage (D:4)
  A phantom (D:4)
  A water moccasin zombie (D:4)
  An orc priest (D:6)
  A bullfrog skeleton (D:6)
  An orc wizard (D:6)
  A killer bee zombie (D:6)
  3 adders (D:2)
  An ufetubus (D:4)
  4 dart slugs
  5 orcs
  8 ball pythons
  4 endoplasms
  2 giant cockroaches (D:1)
  4 goblins
  4 hobgoblins
  2 jackals (D:3)
  A quokka (D:1)
  5 bats
  4 frilled lizards (D:1)
  6 kobolds
  8 rats
68 creatures vanquished.

Notes
Turn   | Place    | Note
-------+----------+-------------------------------------------
     0 | D:1      | frimble the Gnoll Wanderer began the quest for the Orb.
     0 | D:1      | frimble set off with the following items: a +0 club, 2
                  | potions of curing, a +0 robe, a +0 kite shield
     0 | D:1      | Reached XP level 1. HP: 26/26 MP: 1/1
   181 | D:1      | Reached XP level 2. HP: 33/33 MP: 2/2
   615 | D:1      | Reached XP level 3. HP: 34/38 MP: 3/3
   855 | D:2      | Reached skill level 1 in Invocations
  1307 | D:2      | Reached skill level 1 in Short Blades
  1307 | D:2      | Reached skill level 1 in Long Blades
  1307 | D:2      | Reached skill level 1 in Axes
  1307 | D:2      | Reached skill level 1 in Maces & Flails
  1307 | D:2      | Reached skill level 1 in Polearms
  1307 | D:2      | Reached skill level 1 in Staves
  1307 | D:2      | Reached skill level 1 in Slings
  1307 | D:2      | Reached skill level 1 in Bows
  1307 | D:2      | Reached skill level 1 in Crossbows
  1307 | D:2      | Reached skill level 1 in Throwing
  1307 | D:2      | Reached skill level 1 in Armour
  1307 | D:2      | Reached skill level 1 in Stealth
  1307 | D:2      | Reached skill level 1 in Spellcasting
  1348 | D:2      | Reached XP level 4. HP: 45/45 MP: 5/5
  1506 | D:2      | Found a faded altar of an unknown god.
  2219 | D:4      | Reached skill level 1 in Conjurations
  2219 | D:4      | Reached skill level 1 in Hexes
  2219 | D:4      | Reached skill level 1 in Summonings
  2219 | D:4      | Reached skill level 1 in Necromancy
  2219 | D:4      | Reached skill level 1 in Translocations
  2219 | D:4      | Reached skill level 1 in Transmutations
  2219 | D:4      | Reached skill level 1 in Fire Magic
  2219 | D:4      | Reached skill level 1 in Ice Magic
  2219 | D:4      | Reached skill level 1 in Air Magic
  2219 | D:4      | Reached skill level 1 in Earth Magic
  2219 | D:4      | Reached skill level 1 in Poison Magic
  2258 | D:4      | Noticed a necrophage
  2286 | D:4      | Killed a necrophage
  2287 | D:4      | Reached XP level 5. HP: 27/51 MP: 5/7
  2300 | D:4      | Noticed a phantom
  2358 | D:4      | Killed a phantom
  2359 | D:4      | Reached XP level 6. HP: 14/57 MP: 8/8
  2360 | D:4      | Identified a scroll of acquirement
  2378 | D:4      | Reached skill level 5 in Dodging
  2378 | D:4      | Reached skill level 5 in Unarmed Combat
  2378 | D:4      | Acquired 1247 gold pieces
  2729 | D:5      | Entered Level 5 of the Dungeon
  2735 | D:5      | Found a transporter.
  2735 | D:5      | You fall into a shaft and drop 1 floor!
  3056 | D:6      | Noticed an ice beast
  3102 | D:6      | HP: 1/57 [orc priest/nerve-wracking pain (9)]
  3433 | D:5      | Noticed Sigmund
  3606 | D:4      | Noticed a hornet
  3612 | D:4      | Paralysed by a hornet for 3 turns
  3616 | D:4      | Succumbed to a hornet's poison

Illustrated notes

Levels and vault maps discovered:
D:1:      mrwooster_arrival_arrow, layout_basic
D:2:      layout_basic, shapermc_ecumenical_altar_acropolis
D:3:      layout_basic
D:4:      layout_loops_ring
D:5:      gammafunk_steamed_eel, layout_basic, minmay_misc_feat_alley,
          uniq_prince_ribbit1, uniq_sigmund, uniq_eustachio
D:6:      layout_loops_ring, minivault_11, uniq_duvessa, uniq_grinder

Skill      XL: |  1  2  3  4  5  6 |
---------------+-------------------+-----
Invocations    | 1 2 |  2.4
Short Blades   | 1 2 |  2.1
Long Blades    | 1 2 |  2.1
Axes           | 1 2 |  2.1
Maces & Flails | 1 2 |  2.1
Polearms       | 1 2 |  2.1
Staves         | 1 2 |  2.1
Slings         | 1 2 |  2.1
Bows           | 1 2 |  2.1
Crossbows      | 1 2 |  2.1
Throwing       | 1 2 |  2.1
Armour         | 1 2 |  2.1
Stealth        | 1 2 |  2.1
Spellcasting   | 1 2 |  2.1
Conjurations   | 1 |  1.7
Hexes          | 1 |  1.7
Summonings     | 1 |  1.7
Necromancy     | 1 |  1.7
Translocations | 1 |  1.7
Transmutations | 1 |  1.7
Fire Magic     | 1 |  1.7
Ice Magic      | 1 |  1.7
Air Magic      | 1 |  1.7
Earth Magic    | 1 |  1.7
Poison Magic   | 1 |  1.7
Shields        | 3 |  3.4
Evocations     | 3 |  3.4
Dodging        | 5 |  5.1
Unarmed Combat | 5 |  5.1
Fighting       | |  8.8

Action                   |  1- 3 |  4- 6 || total
-------------------------+-------+-------++-------
Melee: Unarmed           |   104 |    88 ||   192
       Bite              |    15 |     8 ||    23
       Short sword       |       |   132 ||   132
Throw: Boomerang         |       |    33 ||    33
  Use: Potion            |     1 |     5 ||     6
       Scroll            |       |     7 ||     7
 Stab: Sleeping          |     1 |     4 ||     5
Armor: Robe              |    30 |     5 ||    35
       Ring mail         |       |    34 ||    34
       Skin              |       |    32 ||    32
Dodge: Dodged            |    50 |    61 ||   111
Block: Kite shield       |    51 |    94 ||   145

Table legend: (Time is in decaauts)
 A = Elapsed time spent in this place.
 B = Non-inter-level travel time spent in this place.
 C = Inter-level travel time spent in this place.
 D = Time resting spent in this place.
 E = Time spent auto-exploring this place.
 F = Levels seen in this place.
 G = Mean time per level.
                   A        B        C        D        E       F      G
               +--------+--------+--------+--------+--------+-----+--------+
         Total |   3655 |   3526 |    129 |    170 |   2397 |   6 |  609.2 |
       Dungeon |   3655 |   3526 |    129 |    170 |   2397 |   6 |  609.2 |
               +--------+--------+--------+--------+--------+-----+--------+

Top non-repeatable levels by time:
     D:2: 1168 daAuts
     D:4: 845 daAuts
     D:1: 845 daAuts
     D:6: 695 daAuts
     D:3: 89 daAuts
     D:5: 10 daAuts
